 Dungeon Crawl Stone Soup version 0.27-a0-1196-g3e9cee4cb2 (webtiles) character file.

Game seed: 446469814262819240

151 pokeman the Magician (level 5, -2/29 HPs)
             Began as a Deep Elf Hedge Wizard on May 28, 2021.
             Shot with a stone by a goblin (5 damage)
             ... led by Robin
             ... on level 3 of the Dungeon.
             The game lasted 00:07:17 (3975 turns).

pokeman the Magician (Deep Elf Hedge Wizard)        Turns: 3975, Time: 00:07:17

Health: -2/29      AC:  4    Str:  7    XL:     5   Next: 10%
Magic:  10/15      EV: 12    Int: 20    God:
Gold:   61         SH:  0    Dex: 14    Spells: 5/16 levels left

rFire    + . .     SeeInvis .   k - staff of earth
rCold    . . .     Faith    .   (no shield)
rNeg     . . .     Spirit   .   i - +1 leather armour {rF+}
rPois    .         Reflect  .   c - +0 hat
rElec    .         Harm     .   (no cloak)
rCorr    .         Rampage  .   (no gloves)
Will     .....                  (no boots)
Stlth    ++........             (no amulet)
HPRegen  0.09/turn              (no ring)
MPRegen  0.14/turn              (no ring)

@: no status effects
A: no striking features
a: no special abilities


You were on level 3 of the Dungeon.
You visited 1 branch of the dungeon, and saw 3 of its levels.

You collected 61 gold pieces.

Inventory:

Missiles
 a - 12 arrows
 b - 39 bolts
 d - 2 atropa-tipped darts
Armour
 c - a +0 hat (worn)
 i - a +1 leather armour of fire resistance (worn)
Magical Staves
 k - a staff of earth (weapon)
Jewellery
 o - an amulet of faith
Scrolls
 f - a scroll of magic mapping {unknown}
 g - a scroll of teleportation {unknown}
 h - a scroll of vulnerability {unknown}
 m - a scroll of identify {unknown}
Potions
 e - 3 potions of curing {unknown}
 j - a potion of berserk rage {unknown}
 l - 2 potions of might {unknown}
 n - a potion of lignification {unknown}
 p - a potion of invisibility {unknown}


   Skills:
 - Level 1.0 Fighting
 - Level 1.0 Armour
 - Level 3.0 Dodging
 + Level 2.5 Stealth
 * Level 6.1 Spellcasting
 + Level 2.5 Conjurations
 - Level 1.1 Summonings
 - Level 1.1 Translocations
 - Level 1.0 Fire Magic
 + Level 0.4 Air Magic


You had 5 spell levels left.
You knew the following spells:

 Your Spells              Type           Power      Damage    Failure   Level
a - Magic Dart            Conj           64%        1d6       5%          1
b - Mephitic Cloud        Conj/Pois/Air  10%        N/A       30%         3
c - Call Imp              Summ           10%        N/A       14%         2
d - Blink                 Tloc           N/A        N/A       14%         2
e - Conjure Flame         Conj/Fire      13%        6-21      22%         3

Your spell library contained the following spells:

 Spells                   Type           Power      Damage    Failure   Level
 Slow                     Hex            6%         N/A       22%         2


Dungeon Overview and Level Annotations

Branches:
Dungeon (3/15)

Altars:
Dithmenos
Sif Muna


Message History

You hit the hobgoblin but do no damage. The hobgoblin barely misses you.
Unknown command.
You closely miss the hobgoblin. The hobgoblin barely misses you.
You completely miss the hobgoblin. The hobgoblin completely misses you.
You hit the hobgoblin.
The hobgoblin is moderately wounded.
The hobgoblin hits you.
You hit the hobgoblin.
The hobgoblin is severely wounded.
The hobgoblin hits you.
* * * LOW HITPOINT WARNING * * *
The hobgoblin misses you.
Unknown command.
Casting: Magic Dart (safe; 5% risk of failure)
Confirm with . or Enter, or press ? or * to list all spells.
Aiming: Magic Dart (safe; 5% risk of failure)
Press: ? - help, Shift-Dir - straight line, f - hobgoblin
Aim: a hobgoblin (severely wounded, 100% to hit)
The magic dart hits the hobgoblin.
You kill the hobgoblin!
Unknown command.
Casting: Magic Dart (safe; 5% risk of failure)
Confirm with . or Enter, or press ? or * to list all spells.
Aiming: Magic Dart (safe; 5% risk of failure)
Press: ? - help, Shift-Dir - straight line, f - goblin
Aim: a goblin, wielding a +0 dagger (100% to hit)
The magic dart hits the goblin.
You kill the goblin!
The goblin shoots a stone.
The stone hits you.
* * * LOW HITPOINT WARNING * * *
Casting: Magic Dart (safe; 5% risk of failure)
Confirm with . or Enter, or press ? or * to list all spells.
A beastly little devil appears in a puff of flame.
The goblin shoots a stone.
The stone closely misses you. The stone hits your crimson imp.
Unknown command.
You swap places.
The goblin shoots a stone.
The stone barely misses your crimson imp.
The stone hits you.
You die...

...............# #.##.# #...#
##.............# #.##.# #####
#...).........###.##+###
#....)..##..###........#
#.......###.###.#......#
###.########..##.#......#
..............##.#......#
.....########.##.#......####
.....# #.##@#..........
.....# #.##5#..........
.....# #..#)#..........
.(...# #..#g#..........
.....# #..Kg#...g......
.....########'#gg..gggg.K)..
................#####รท##g..g
........)........# .# .
#####..........#.# .#


You could see a hobgoblin, 3 goblins, a kobold and a friendly crimson imp
(summoned).

Vanquished Creatures
  A jelly (D:2)
  An orc wizard (D:3)
  4 adders (D:2)
  2 dart slugs (D:2)
  2 orcs (D:3)
  5 ball pythons
  A bat (D:1)
  15 endoplasms
  A giant cockroach (D:1)
  6 hobgoblins
  3 jackals
  12 kobolds
  A quokka (D:2)
  6 frilled lizards
  5 goblins
  6 rats
71 creatures vanquished.

Vanquished Creatures (collateral kills)
  2 jackals (D:3)
2 creatures vanquished.

Vanquished Creatures (others)
  3 fungi (D:2)
  11 toadstools (D:2)
14 creatures vanquished.

Grand Total: 87 creatures vanquished

Notes
Turn   | Place    | Note
-------+----------+-------------------------------------------
     0 | D:1      | pokeman the Deep Elf Hedge Wizard began the quest for the
                  | Orb.
     0 | D:1      | Reached XP level 1. HP: 10/10 MP: 7/7
   327 | D:1      | Reached XP level 2. HP: 16/16 MP: 5/9
   920 | D:2      | Reached skill level 5 in Spellcasting
   983 | D:2      | Reached XP level 3. HP: 20/20 MP: 7/11
   996 | D:2      | HP: 1/20 [kobold/+0 short sword (3)]
  1007 | D:1      | Learned a level 3 spell: Mephitic Cloud
  1010 | D:1      | Learned a level 2 spell: Call Imp
  1013 | D:1      | Learned a level 2 spell: Blink
  1017 | D:1      | Learned a level 3 spell: Conjure Flame
  1687 | D:2      | Reached skill level 1 in Fighting
  1695 | D:2      | Reached skill level 1 in Armour
  1923 | D:2      | Reached XP level 4. HP: 25/25 MP: 4/13
  2880 | D:2      | Reached skill level 1 in Fire Magic
  3117 | D:3      | Found a shimmering blue altar of Sif Muna.
  3117 | D:3      | Found a shadowy altar of Dithmenos.
  3369 | D:3      | Reached skill level 6 in Spellcasting
  3369 | D:3      | Reached XP level 5. HP: 10/29 MP: 2/15
  3975 | D:3      | Shot with a stone by a goblin

Illustrated notes

Levels and vault maps discovered:
D:1:      wander_arrival_lonely_grave, layout_rooms, serial_rivers,
          chequers_serial_rivers_large_a, chequers_serial_rivers_small_a,
          chequers_serial_rivers_room_a, chequers_serial_rivers_micro_b
D:2:      cheibrodos_fertilizer, layout_basic
D:3:      layout_basic, gammafunk_temple_overflow_pools, uniq_robin

Skill      XL: |  1  2  3  4 |
---------------+-------------+-----
Spellcasting   | 5 6 |  6.1
Conjurations   | 2 |  2.5
Fighting       | 1 |  1.0
Armour         | 1 |  1.0
Fire Magic     | 1 |  1.0
Dodging        | 3 |  3.0
Stealth        | |  2.5
Summonings     | |  1.1
Translocations | |  1.1
Air Magic      | |  0.4

Action                   |  1- 3 |  4- 6 || total
-------------------------+-------+-------++-------
Melee: War axe           |    18 |       ||    18
       Staff             |       |    13 ||    13
 Cast: Magic Dart        |    81 |    83 ||   164
       Call Imp          |     1 |     5 ||     6
       Conjure Flame     |     1 |     1 ||     2
 Stab: Sleeping          |     1 |       ||     1
Armor: Leather armour    |     5 |    12 ||    17
       Robe              |     2 |       ||     2
Dodge: Dodged            |    27 |    21 ||    48

Table legend: (Time is in decaauts)
 A = Elapsed time spent in this place.
 B = Non-inter-level travel time spent in this place.
 C = Inter-level travel time spent in this place.
 D = Time resting spent in this place.
 E = Time spent auto-exploring this place.
 F = Levels seen in this place.
 G = Mean time per level.
                   A        B        C        D        E       F      G
               +--------+--------+--------+--------+--------+-----+--------+
         Total |   4000 |   3918 |     82 |    377 |   3092 |   3 | 1333.3 |
       Dungeon |   4000 |   3918 |     82 |    377 |   3092 |   3 | 1333.3 |
               +--------+--------+--------+--------+--------+-----+--------+

Top non-repeatable levels by time:
     D:2: 1915 daAuts
     D:1: 1216 daAuts
     D:3: 869 daAuts
